 Dungeon Crawl Stone Soup version 0.30-a0-726-gd89dcf765f (webtiles) character file.

Game seed: 14995964970113398831

487 garrulousMonolith the Trooper (level 7, -1/44 HPs)
             Began as a Gargoyle Fighter on Jan 30, 2023.
             Was an Initiate of Okawaru.
             Killed by nerve-wracking pain
             ... invoked by an orc priest
              (7 damage)
             ... on level 5 of the Dungeon.
             The game lasted 00:05:14 (3942 turns).

garrulousMonolith the Trooper (Gargoyle Fighter)    Turns: 3942, Time: 00:05:14

Health: -1/44      AC: 22    Str: 20    XL:     7   Next: 13%
Magic:  7/7        EV:  5    Int:  8    God:    Okawaru [......]
Gold:   279        SH: 13    Dex: 11    Spells: 6/6 levels left

rFire   . . .      SeeInvis .    a - +0 flail
rCold   . . .      Faith    .    e - +0 kite shield {rPois}
rNeg    + . .      Spirit   .    A - +0 plate armour
rPois   ∞          Reflect  +    p - +0 helmet
rElec   +          Harm     .    t - +0 cloak
rCorr   .          Rampage  .    c - +0 pair of gloves
Will    .....                    w - +1 pair of boots Stlth
                                 q - amulet of reflection
HPRegen 0.27/turn                (no ring)
MPRegen 0.10/turn                (no ring)

@: no status effects
A: sickness immunity, AC +4, negative energy resistance 1, electricity
resistance, torment resistance 1, petrification resistance
a: Renounce Religion


You were on level 5 of the Dungeon.
You worshipped Okawaru.
Okawaru was noncommittal.
You visited 2 branches of the dungeon, and saw 6 of its levels.

You collected 279 gold pieces.

Inventory:

Hand Weapons
 a - a +0 flail (weapon)
 k - a +4 dagger of speed
Missiles
 b - 21 poisoned darts
 o - 4 javelins (quivered)
Armour
 c - a +0 pair of gloves (worn)
 e - a +0 kite shield of poison resistance (worn)
 i - a scarf of harm
 p - a +0 helmet (worn)
 t - a +0 cloak (worn)
 w - a +1 pair of boots (worn)
 y - a +0 chain mail
 A - a +0 plate armour (worn)
Magical Staves
 u - a staff of earth
Jewellery
 q - an amulet of reflection (around neck)
 r - an amulet of faith
 B - the ring "Zaveh" {rPois rF+ Dex+3}
   (You found it on level 4 of the Dungeon)

   [ring of protection from fire]

   Dex:       It affects your dexterity (+3).
   rF:        It protects you from fire.
   rPois:     It protects you from poison.
 C - a ring of willpower
Wands
 d - a wand of digging (7)
Scrolls
 f - 3 scrolls of teleportation
 g - 3 scrolls of blinking
 n - a scroll of enchant armour
 v - 3 scrolls of fear {unknown}
 G - 2 scrolls of noise {unknown}
Potions
 h - a potion of cancellation
 j - a potion of heal wounds
 l - 4 potions of curing
 m - a potion of brilliance {unknown}
 s - a potion of resistance {unknown}
 x - a potion of invisibility {unknown}
 z - a potion of flight {unknown}
 D - a potion of haste
 E - a potion of magic {unknown}
 F - a potion of might


   Skills:
 + Level 4.6 Fighting
 * Level 4.6 Maces & Flails
 + Level 4.5 Armour
 + Level 2.0 Dodging
 + Level 4.5 Shields
 + Level 0.7 Invocations


You had 6 spell levels left.
You didn't know any spells.
Your spell library contained the following spells:

 Spells                   Type           Power      Damage    Failure   Level
 Ensorcelled Hibernation  Hex/Ice        0%         N/A       100%        2
 Portal Projectile        Hex/Tloc       0%         N/A       100%        3
 Spider Form              Tmut/Pois      0%         N/A       100%        3
 Anguish                  Hex/Necr       0%         N/A       100%        4
 Leda's Liquefaction      Hex/Erth       0%         N/A       100%        4
 Call Canine Familiar     Summ           Unusable   N/A       N/A         3

Dungeon Overview and Level Annotations

Branches:
Dungeon (5/15)             Temple (1/1) D:4

Altars:
Ashenzari
Cheibriados
Dithmenos
Elyvilon
Fedhas
Gozag
Hepliaklqana
Kikubaaqudgha
Makhleb
Nemelex Xobeh
Okawaru
Qazlal
Ru
Sif Muna
Trog
Uskayaw
Vehumet
Wu Jian
Xom
Yredelemnul
Zin
The Shining One

Annotations:
D:5 2 transporters, GiantSquids's ghost, novice BaHu


Innate Abilities, Weirdness & Mutations

You are immune to sickness and miasma.
Your stone body is resilient. (AC +4)
You are immune to poison.
You resist negative energy. (rN+)
You are resistant to electric shocks. (rElec)
You are resistant to unholy torment.
You are immune to petrification.


Message History

The orc priest is moderately wounded.
You block the orc priest's attack.
The orc wizard hits you but does no damage.
The orc barely misses you.
The orc priest calls down the wrath of Beogh upon you.
Pain shoots through your body!
You hit the orc priest but do no damage.
The orc priest is lightly wounded.
You block the orc priest's attack.
The orc wizard hits you but does no damage.
The orc hits you but does no damage.
The orc priest mumbles some strange prayers to Beogh against you.
Pain shoots through your body! You block the orc's attack.
The orc wizard gestures at you while chanting.
You resist with some effort. The orc priest barely misses you.
You block the orc priest's attack.
You completely miss the orc priest.
The orc priest is lightly wounded.
You block the orc priest's attack. You block the orc wizard's attack.
You block the orc priest's attack. The orc hits you with a +0 flail.
You hit the orc priest.
The orc priest is heavily wounded.
You block the orc priest's attack.
The orc wizard hits you but does no damage.
The orc hits you with a +0 flail. You block the orc priest's attack.
You hit the orc priest.
The orc priest is almost dead.
The orc priest invokes the aid of Beogh against you.
Beogh smites you!
* * * LOW HITPOINT WARNING * * *
You block the orc wizard's attack.
The orc priest hits you with a +0 hand axe.
* * * LOW HITPOINT WARNING * * *
You block the orc's attack.
The orc priest looks satisfied for a moment.
The orc wizard hits you but does no damage.
The orc hits you but does no damage.
The orc priest invokes the aid of Beogh against you.
Pain shoots through your body!
You die...

#...©#.....©
#....#.Z....
#....#n.#8#.
#....#ZW###.
#....#......
###############..#.....$
#........$.# #..#######
#.....o....# #.........
#.....o@...# #.........
#.....oo...#######....+.
#.........?......#<...#.
##########.......####.#.
#.......# #.#. #.......#
#... #.......# ###.
#.......# #..
#.......#####..


You could see 2 orc priests, an orc wizard and an orc.

Vanquished Creatures
  Sigmund (D:3)
  A howler monkey (D:5)
  An orc priest (D:3)
  A hound (D:4)
  Crazy Yiuf (D:2)
  An iguana (D:5)
  Natasha (D:2)
  6 adders
  An ufetubus (D:5)
  3 dart slugs
  12 orcs
  6 endoplasms
  A giant cockroach (D:2)
  11 hobgoblins
  9 kobolds
  4 quokkas
  4 ball pythons
  2 ball python skeletons (D:3)
  5 bats
  3 frilled lizards
  9 goblins
  6 rats
89 creatures vanquished.

Vanquished Creatures (others)
  A withered plant (D:3)
1 creature vanquished.

Grand Total: 90 creatures vanquished

Notes
Turn   | Place    | Note
-------+----------+-------------------------------------------
     0 | D:1      | garrulousMonolith the Gargoyle Fighter began the quest for
                  | the Orb.
     0 | D:1      | Reached XP level 1. HP: 14/14 MP: 1/1
   180 | D:1      | Reached XP level 2. HP: 19/19 MP: 2/2
   454 | D:1      | Reached XP level 3. HP: 10/23 MP: 3/3
   889 | D:2      | Noticed Natasha
   894 | D:2      | Killed Natasha
   900 | D:2      | Reached XP level 4. HP: 26/29 MP: 4/4
  1072 | D:2      | Reached skill level 1 in Dodging
  1455 | D:2      | Found a runed translucent door.
  1456 | D:2      | Noticed Crazy Yiuf
  1577 | D:2      | Killed Crazy Yiuf
  1578 | D:2      | Reached XP level 5. HP: 24/33 MP: 5/5
  1758 | D:3      | Noticed Sigmund
  1780 | D:3      | Killed Sigmund
  1781 | D:3      | Reached XP level 6. HP: 21/39 MP: 6/6
  2481 | D:4      | Identified the ring "Zaveh" {rPois rF+ Dex+3}
  2660 | D:4      | Found a glowing golden altar of the Shining One.
  2741 | D:4      | Found a staircase to the Ecumenical Temple.
  2805 | Temple   | Entered the Ecumenical Temple
  2824 | Temple   | Became a worshipper of Warmaster Okawaru
  3347 | D:4      | Identified a scroll of acquirement
  3347 | D:4      | Acquired a +0 kite shield of poison resistance
  3390 | D:5      | Entered Level 5 of the Dungeon
  3421 | D:5      | Reached XP level 7. HP: 44/44 MP: 7/7
  3447 | D:5      | Found a transporter.
  3452 | D:5      | Found a transporter.
  3512 | D:5      | Found a white marble altar of Elyvilon.
  3514 | D:5      | Found an ancient bone altar of Kikubaaqudgha.
  3514 | D:5      | Found a blossoming altar of Fedhas.
  3522 | D:5      | Found a hide-covered altar of Uskayaw.
  3523 | D:5      | Found a bloodstained altar of Trog.
  3900 | D:5      | Noticed GiantSquids's ghost (novice BaHu)
  3942 | D:5      | Killed from afar by an orc priest

Illustrated notes

Levels and vault maps discovered:
D:1:      dpeg_arrival_yet_another_circle, layout_basic
D:2:      layout_loops_ring, uniq_natasha, uniq_crazy_yiuf_cottage
D:3:      layout_basic, serial_undead, serial_undead_b, serial_undead_d,
          serial_undead_e, serial_undead_f, fountainhead, nrook_campfire,
          uniq_sigmund
D:4:      layout_loops_cross, amcnicky_altar_gilded, minmay_temple_entry_hall
D:5:      layout_basic, grunt_temple_overflow_open, gammafunk_ghost_mausoleum
Temple:   compressed_dpeg_triangle_lava_temple

Skill      XL: |  1  2  3  4  5  6  7 |
---------------+----------------------+-----
Maces & Flails | 3 4 |  4.6
Dodging        | 1 2 |  2.0
Fighting       | 4 |  4.6
Armour         | 4 |  4.5
Shields        | 4 |  4.5
Invocations    | |  0.7

Action                     |  1- 3 |  4- 6 |  7- 9 || total
---------------------------+-------+-------+-------++-------
  Melee: Flail             |    81 |   197 |    23 ||   301
    Use: Potion            |       |     2 |       ||     2
         Scroll            |       |    10 |       ||    10
 Armour: Scale mail        |    50 |    82 |       ||   132
         Plate armour      |       |    38 |    15 ||    53
         Chain mail        |       |     8 |       ||     8
  Dodge: Dodged            |    40 |    74 |     3 ||   117
  Block: Buckler           |    24 |    36 |       ||    60
         Kite shield       |       |    14 |    25 ||    39

Table legend: (Time is in decaauts)
 A = Elapsed time spent in this place.
 B = Non-inter-level travel time spent in this place.
 C = Inter-level travel time spent in this place.
 D = Time resting spent in this place.
 E = Time spent auto-exploring this place.
 F = Levels seen in this place.
 G = Mean time per level.
                   A        B        C        D        E       F      G
               +--------+--------+--------+--------+--------+-----+--------+
         Total |   4032 |   3855 |    177 |    159 |   2847 |   6 |  672.0 |
       Dungeon |   3767 |   3612 |    155 |    159 |   2612 |   5 |  753.4 |
        Temple |    265 |    244 |     21 |      0 |    235 |   1 |  265.0 |
               +--------+--------+--------+--------+--------+-----+--------+

Top non-repeatable levels by time:
     D:2: 847 daAuts
     D:1: 846 daAuts
     D:3: 761 daAuts
     D:4: 746 daAuts
     D:5: 565 daAuts
  Temple: 265 daAuts
